 Dungeon Crawl Stone Soup version 0.28-a0-1147-gc7b72d3202 (webtiles) character file.

Game seed: 17202662366915054548

147 ChaosChampion the Agent of Entropy (level 5, -3/42 HPs)
             Began as a Demonspawn Abyssal Knight on Dec 14, 2021.
             Was a Priest of Lugonu.
             Slain by an iguana (12 damage)
             ... on level 4 of the Dungeon.
             The game lasted 00:04:04 (3255 turns).

ChaosChampion the Agent of Entropy (DsAK)           Turns: 3255, Time: 00:04:05

Health: -3/42      AC:  4    Str: 15    XL:     5   Next: 7%
Magic:  8/8        EV: 11    Int: 12    God:    Lugonu [***...]
Gold:   113        SH:  0    Dex: 19    Spells: 4/4 levels left

rFire   . . .      SeeInvis .   a - +1 hand axe
rCold   . . .      Faith    .   (no shield)
rNeg    . . .      Spirit   .   b - +0 leather armour
rPois   .          Reflect  .   (no helmet)
rElec   .          Harm     .   (no cloak)
rCorr   .          Rampage  .   (no gloves)
Will    .....                   k - +0 pair of boots
Stlth   +.........              (no amulet)
HPRegen 0.14/turn               m - +6 ring of dexterity
MPRegen 0.11/turn               (no ring)

@: no status effects
A: hooves 1, spiny 1
a: Renounce Religion, Depart the Abyss, Bend Space, Banish


You were on level 4 of the Dungeon.
You worshipped Lugonu.
Lugonu was most pleased with you.
You visited 1 branch of the dungeon, and saw 4 of its levels.
You visited the Abyss 1 time.

You collected 113 gold pieces.

Inventory:

Hand Weapons
 a - a +1 hand axe (weapon)
Missiles
 e - 2 javelins (quivered)
Armour
 b - a +0 leather armour (worn)
 k - a +0 pair of boots (worn)
Jewellery
 m - a +6 ring of dexterity (left hand)
Scrolls
 c - 2 scrolls of identify {unknown}
 d - 3 scrolls of magic mapping {unknown}
 g - a scroll of vulnerability {unknown}
 h - a scroll of blinking {unknown}
 i - a scroll of teleportation {unknown}
 l - a scroll of torment {unknown}
Potions
 f - a potion of degeneration {unknown}
 j - a potion of resistance {unknown}


   Skills:
 + Level 3.9 Fighting
 + Level 2.8 Axes
 + Level 2.8 Armour
 - Level 0.8 Dodging
 + Level 4.0 Invocations


You had 4 spell levels left.
You didn't know any spells.
Your spell library contained the following spells:

 Spells                   Type           Power      Damage    Failure   Level
 Passwall                 Tmut/Erth      0%         N/A       52%         2
 Frozen Ramparts          Ice            0%         1d2       77%         3
 Gell's Gravitas          Tloc           0%         N/A       77%         3
 Inner Flame              Hex/Fire       0%         N/A       77%         3
 Lesser Beckoning         Tloc           0%         N/A       77%         3
 Swiftness                Air            0%         N/A       77%         3
 Teleport Other           Tloc           0%         N/A       77%         3
 Cause Fear               Hex            0%         N/A       99%         4
 Ice Form                 Ice/Tmut       0%         N/A       99%         4
 Summon Ice Beast         Ice/Summ       0%         N/A       99%         4
 Discord                  Hex            0%         N/A       100%        8


Dungeon Overview and Level Annotations

Branches:
Dungeon (4/15)
 Temple: D:4-7

Altars:


Innate Abilities, Weirdness & Mutations

You have large cloven feet.
You are partially covered in sharp spines.


Message History

Done exploring.
Done exploring.
(D) Dungeon
Where to? (Enter - D:3, ? - help)
What level of the Dungeon? (default 1, ? - help)
There is a stone staircase leading down here.
You climb downwards.
There is a stone staircase leading up here.
An iguana comes into view.
The iguana hisses angrily.
An iguana is nearby!
An iguana is nearby!
The iguana is struck by your spines. The iguana bites you!
You hit the iguana but do no damage.
The iguana is moderately wounded.
The iguana bites you!
You barely miss the iguana.
The iguana is moderately wounded.
The iguana bites you but does no damage.
You hit the iguana.
The iguana is severely wounded.
The iguana bites you!
You are too injured to fight recklessly!
Throw: 3 javelins
Press: ? - help, Q - select action, (/) - cycle Shift-Dir - straight line, f - iguana
Aim: an iguana (severely wounded, 65% to hit)
You throw a javelin. The javelin closely misses the iguana.
The iguana bites you!
* * * LOW HITPOINT WARNING * * *
The iguana bites you but does no damage.
There is a stone staircase leading up here.
An adder comes into view.
The adder hisses angrily.
You miss the adder. You hit the iguana. The adder is struck by your spines.
The adder closely misses you. The iguana barely misses you.
You closely miss the iguana.
The iguana is severely wounded.
You barely miss the adder. The adder bites you but does no damage.
The iguana is struck by your spines. The iguana bites you!
You die...

≈P ≈## ...
...
#####.####
.........
#.S......
#@# #l#
#.# #.#
#.# #.#
#.# #.#
#.#


You could see an iguana and an adder.

Vanquished Creatures
  Terence (D:2)
  3 gnolls
  An adder (D:2)
  2 worms
  2 dart slugs (D:1)
  An orc (D:3)
  14 endoplasms
  2 giant cockroaches
  4 goblins
  8 hobgoblins
  3 jackals (D:2)
  6 kobolds
  2 quokkas (D:1)
  5 ball pythons
  6 bats
  4 frilled lizards
  5 rats
69 creatures vanquished.

Notes
Turn   | Place    | Note
-------+----------+-------------------------------------------
     0 | Abyss:1  | ChaosChampion the Demonspawn Abyssal Knight began the quest
                  | for the Orb.
     0 | Abyss:1  | Reached XP level 1. HP: 18/18 MP: 2/2
     6 | Abyss:1  | Found a corrupted altar of Lugonu.
    24 | D:1      | Escaped the Abyss
   197 | D:1      | Gained mutation: You are partially covered in sharp spines.
                  | [demonic ancestry]
   197 | D:1      | Reached XP level 2. HP: 11/24 MP: 4/4
   507 | D:1      | Reached skill level 3 in Invocations
   507 | D:1      | Reached ** piety under Lugonu
   513 | D:1      | Reached XP level 3. HP: 24/29 MP: 5/5
  1795 | D:2      | Reached XP level 4. HP: 31/36 MP: 6/6
  1898 | D:2      | Noticed Terence
  1918 | D:2      | Killed Terence
  2588 | D:3      | Reached *** piety under Lugonu
  2798 | D:2      | Discovered your monstrous ancestry.
  2798 | D:2      | Gained mutation: You have large cloven feet. [demonic
                  | ancestry]
  2798 | D:2      | Reached XP level 5. HP: 19/41 MP: 7/7
  2974 | D:3      | Reached skill level 4 in Invocations
  3255 | D:4      | Slain by an iguana

Illustrated notes

Levels and vault maps discovered:
D:1:      roderic_crossed_star, layout_loops_ring, minmay_ruptured
D:2:      layout_loops_corners, uniq_terence
D:3:      layout_basic
D:4:      layout_loops_ring, ebering_ghost_reflecting_pool, serial_bayou_ford_a,
          minmay_surrounded

Skill      XL: |  1  2  3  4  5 |
---------------+----------------+-----
Axes           | 2 |  2.8
Armour         | 2 |  2.8
Invocations    | 3 4 |  4.0
Fighting       | |  3.9
Dodging        | |  0.8

Action                   |  1- 3 |  4- 6 || total
-------------------------+-------+-------++-------
Melee: Hand axe          |    96 |    48 ||   144
Throw: Javelin           |       |     1 ||     1
 Stab: Sleeping          |     1 |       ||     1
Armor: Leather armour    |    22 |    11 ||    33
Dodge: Dodged            |    55 |    29 ||    84

Table legend: (Time is in decaauts)
 A = Elapsed time spent in this place.
 B = Non-inter-level travel time spent in this place.
 C = Inter-level travel time spent in this place.
 D = Time resting spent in this place.
 E = Time spent auto-exploring this place.
 F = Levels seen in this place.
 G = Mean time per level.
                   A        B        C        D        E       F      G
               +--------+--------+--------+--------+--------+-----+--------+
         Total |   3285 |   3174 |    111 |    169 |   2445 |   5 |  657.0 |
       Dungeon |   3258 |   3147 |    111 |    169 |   2439 |   4 |  814.5 |
         Abyss |     27 |     27 |      0 |      0 |      6 |   1 |   27.0 |
               +--------+--------+--------+--------+--------+-----+--------+

Top non-repeatable levels by time:
     D:2: 1440 daAuts
     D:1: 1068 daAuts
     D:3: 730 daAuts
 Abyss:1: 27 daAuts
     D:4: 19 daAuts
